Workbook

Sheet SUIVI DES COMMANDES
O2: Code: PR07F02
A3: TABLEAUX DE SUIVI DES COMMANDES ET DELAIS ACHATS | O3: Version : 04
O4: Date : 12/08/2020
M6: EVALUATION
A7: DA N° | B7: DATE DA | C7: BC N° | D7: DATE BC | E7: CODE F | F7: FOURNISSEUR | G7: Code articlre | H7: Désignation | I7: QTE | J7: DATE PREVUE | K7: DATE DE RECEPTION | L7: ECART | M7: CONFORMITE PRODUIT / PRESTATTION | N7: CONFORMITE QTE | O7: CONFORMITE DELAI | P7: NOTE
A8: DA200507 | B8: 43971 | C8: PO201488 | D8: 44050 | E8: L60473 | F8: =IF(ISERR(VLOOKUP(Tableau1[[#This Row],[CODE F]],'CODE FOURNISSEUR'!A:B,2,0)),"",(VLOOKUP(Tableau1[[#This Row],[CODE F]],'CODE FOURNISSEUR'!A:B,2,0))) -> COMPTOIR HAMMAMI | G8: 815STA001 | H8: =VLOOKUP(Tableau1[[#This Row],[Code articlre]],'F ARTICLE'!A:B,2,0) -> starteur PHILPS 4-65W | I8: 20 | J8: 44053 | K8: 44053 | L8: =K8-J8 -> 0 | M8: CONFORME | N8: CONFORME | O8: CONFORME | P8: =IF(ISERR(AVERAGE(U8:W8)),"",(AVERAGE(U8:W8))) -> 1 | U8: =IF(M8=$B$37,1,IF(M8=$B$38,0.75,IF(M8=$B$39,0.5,IF(M8=$B$40,0,"")))) -> 1 | V8: =IF(N8=$B$37,1,IF(N8=$B$38,0.75,IF(N8=$B$39,0.5,IF(N8=$B$40,0,"")))) -> 1 | W8: =IF(O8=$B$37,1,IF(O8=$B$38,0.75,IF(O8=$B$39,0.5,IF(O8=$B$40,0,"")))) -> 1
A9: DA200701 | B9: 44027 | C9: PO201488 | D9: 44050 | E9: L60473 | F9: =IF(ISERR(VLOOKUP(Tableau1[[#This Row],[CODE F]],'CODE FOURNISSEUR'!A:B,2,0)),"",(VLOOKUP(Tableau1[[#This Row],[CODE F]],'CODE FOURNISSEUR'!A:B,2,0))) -> COMPTOIR HAMMAMI | G9: 812COD687 | H9: =VLOOKUP(Tableau1[[#This Row],[Code articlre]],'F ARTICLE'!A:B,2,0) -> COUDE CALVA15/21 | I9: 10 | J9: 44053 | K9: 44053 | L9: =K9-J9 -> 0 | M9: CONFORME | N9: CONFORME | O9: CONFORME | P9: =IF(ISERR(AVERAGE(U9:W9)),"",(AVERAGE(U9:W9))) -> 1 | U9: =IF(M9=$B$37,1,IF(M9=$B$38,0.75,IF(M9=$B$39,0.5,IF(M9=$B$40,0,"")))) -> 1 | V9: =IF(N9=$B$37,1,IF(N9=$B$38,0.75,IF(N9=$B$39,0.5,IF(N9=$B$40,0,"")))) -> 1 | W9: =IF(O9=$B$37,1,IF(O9=$B$38,0.75,IF(O9=$B$39,0.5,IF(O9=$B$40,0,"")))) -> 1
A10: DA200701 | B10: 44027 | C10: PO201488 | D10: 44050 | E10: L60473 | F10: =IF(ISERR(VLOOKUP(Tableau1[[#This Row],[CODE F]],'CODE FOURNISSEUR'!A:B,2,0)),"",(VLOOKUP(Tableau1[[#This Row],[CODE F]],'CODE FOURNISSEUR'!A:B,2,0))) -> COMPTOIR HAMMAMI | G10: 812COD684 | H10: =VLOOKUP(Tableau1[[#This Row],[Code articlre]],'F ARTICLE'!A:B,2,0) -> COUDE CALVA 20/27 | I10: 10 | J10: 44053 | K10: 44053 | L10: =K10-J10 -> 0 | M10: CONFORME | N10: CONFORME | O10: CONFORME | P10: =IF(ISERR(AVERAGE(U10:W10)),"",(AVERAGE(U10:W10))) -> 1 | U10: =IF(M10=$B$37,1,IF(M10=$B$38,0.75,IF(M10=$B$39,0.5,IF(M10=$B$40,0,"")))) -> 1 | V10: =IF(N10=$B$37,1,IF(N10=$B$38,0.75,IF(N10=$B$39,0.5,IF(N10=$B$40,0,"")))) -> 1 | W10: =IF(O10=$B$37,1,IF(O10=$B$38,0.75,IF(O10=$B$39,0.5,IF(O10=$B$40,0,"")))) -> 1
A11: DA200701 | B11: 44027 | C11: PO201488 | D11: 44050 | E11: L60473 | F11: =IF(ISERR(VLOOKUP(Tableau1[[#This Row],[CODE F]],'CODE FOURNISSEUR'!A:B,2,0)),"",(VLOOKUP(Tableau1[[#This Row],[CODE F]],'CODE FOURNISSEUR'!A:B,2,0))) -> COMPTOIR HAMMAMI | G11: 812MEM723 | H11: =VLOOKUP(Tableau1[[#This Row],[Code articlre]],'F ARTICLE'!A:B,2,0) -> MAMLON GALVA20/27 | I11: 10 | J11: 44053 | K11: 44053 | L11: =K11-J11 -> 0 | M11: CONFORME | N11: CONFORME | O11: CONFORME | P11: =IF(ISERR(AVERAGE(U11:W11)),"",(AVERAGE(U11:W11))) -> 1 | U11: =IF(M11=$B$37,1,IF(M11=$B$38,0.75,IF(M11=$B$39,0.5,IF(M11=$B$40,0,"")))) -> 1 | V11: =IF(N11=$B$37,1,IF(N11=$B$38,0.75,IF(N11=$B$39,0.5,IF(N11=$B$40,0,"")))) -> 1 | W11: =IF(O11=$B$37,1,IF(O11=$B$38,0.75,IF(O11=$B$39,0.5,IF(O11=$B$40,0,"")))) -> 1
A12: DA200701 | B12: 44027 | C12: PO201488 | D12: 44050 | E12: L60473 | F12: =IF(ISERR(VLOOKUP(Tableau1[[#This Row],[CODE F]],'CODE FOURNISSEUR'!A:B,2,0)),"",(VLOOKUP(Tableau1[[#This Row],[CODE F]],'CODE FOURNISSEUR'!A:B,2,0))) -> COMPTOIR HAMMAMI | G12: 812MEM724 | H12: =VLOOKUP(Tableau1[[#This Row],[Code articlre]],'F ARTICLE'!A:B,2,0) -> MAMLON GALVA15/21 | I12: 10 | J12: 44053 | K12: 44053 | L12: =K12-J12 -> 0 | M12: CONFORME | N12: CONFORME | O12: CONFORME | P12: =IF(ISERR(AVERAGE(U12:W12)),"",(AVERAGE(U12:W12))) -> 1 | U12: =IF(M12=$B$37,1,IF(M12=$B$38,0.75,IF(M12=$B$39,0.5,IF(M12=$B$40,0,"")))) -> 1 | V12: =IF(N12=$B$37,1,IF(N12=$B$38,0.75,IF(N12=$B$39,0.5,IF(N12=$B$40,0,"")))) -> 1 | W12: =IF(O12=$B$37,1,IF(O12=$B$38,0.75,IF(O12=$B$39,0.5,IF(O12=$B$40,0,"")))) -> 1
A13: DA200701 | B13: 44027 | C13: PO201488 | D13: 44050 | E13: L60473 | F13: =IF(ISERR(VLOOKUP(Tableau1[[#This Row],[CODE F]],'CODE FOURNISSEUR'!A:B,2,0)),"",(VLOOKUP(Tableau1[[#This Row],[CODE F]],'CODE FOURNISSEUR'!A:B,2,0))) -> COMPTOIR HAMMAMI | G13: 812RED708 | H13: =VLOOKUP(Tableau1[[#This Row],[Code articlre]],'F ARTICLE'!A:B,2,0) -> Réduction Galva15/21 | I13: 20 | J13: 44053 | K13: 44053 | L13: =K13-J13 -> 0 | M13: CONFORME | N13: CONFORME | O13: CONFORME | P13: =IF(ISERR(AVERAGE(U13:W13)),"",(AVERAGE(U13:W13))) -> 1 | U13: =IF(M13=$B$37,1,IF(M13=$B$38,0.75,IF(M13=$B$39,0.5,IF(M13=$B$40,0,"")))) -> 1 | V13: =IF(N13=$B$37,1,IF(N13=$B$38,0.75,IF(N13=$B$39,0.5,IF(N13=$B$40,0,"")))) -> 1 | W13: =IF(O13=$B$37,1,IF(O13=$B$38,0.75,IF(O13=$B$39,0.5,IF(O13=$B$40,0,"")))) -> 1
A14: DA200701 | B14: 44027 | C14: PO201488 | D14: 44050 | E14: L60473 | F14: =IF(ISERR(VLOOKUP(Tableau1[[#This Row],[CODE F]],'CODE FOURNISSEUR'!A:B,2,0)),"",(VLOOKUP(Tableau1[[#This Row],[CODE F]],'CODE FOURNISSEUR'!A:B,2,0))) -> COMPTOIR HAMMAMI | G14: 812RAC728 | H14: =VLOOKUP(Tableau1[[#This Row],[Code articlre]],'F ARTICLE'!A:B,2,0) -> raccord 3 péicé Galva20/27 | I14: 15 | J14: 44053 | K14: 44053 | L14: =K14-J14 -> 0 | M14: CONFORME | N14: CONFORME | O14: CONFORME | P14: =IF(ISERR(AVERAGE(U14:W14)),"",(AVERAGE(U14:W14))) -> 1 | U14: =IF(M14=$B$37,1,IF(M14=$B$38,0.75,IF(M14=$B$39,0.5,IF(M14=$B$40,0,"")))) -> 1 | V14: =IF(N14=$B$37,1,IF(N14=$B$38,0.75,IF(N14=$B$39,0.5,IF(N14=$B$40,0,"")))) -> 1 | W14: =IF(O14=$B$37,1,IF(O14=$B$38,0.75,IF(O14=$B$39,0.5,IF(O14=$B$40,0,"")))) -> 1
A15: DA200701 | B15: 44027 | C15: PO201488 | D15: 44050 | E15: L60473 | F15: =IF(ISERR(VLOOKUP(Tableau1[[#This Row],[CODE F]],'CODE FOURNISSEUR'!A:B,2,0)),"",(VLOOKUP(Tableau1[[#This Row],[CODE F]],'CODE FOURNISSEUR'!A:B,2,0))) -> COMPTOIR HAMMAMI | G15: 812XPB750 | H15: =VLOOKUP(Tableau1[[#This Row],[Code articlre]],'F ARTICLE'!A:B,2,0) -> Teflon | I15: 50 | J15: 44053 | K15: 44053 | L15: =K15-J15 -> 0 | M15: CONFORME | N15: CONFORME | O15: CONFORME | P15: =IF(ISERR(AVERAGE(U15:W15)),"",(AVERAGE(U15:W15))) -> 1 | U15: =IF(M15=$B$37,1,IF(M15=$B$38,0.75,IF(M15=$B$39,0.5,IF(M15=$B$40,0,"")))) -> 1 | V15: =IF(N15=$B$37,1,IF(N15=$B$38,0.75,IF(N15=$B$39,0.5,IF(N15=$B$40,0,"")))) -> 1 | W15: =IF(O15=$B$37,1,IF(O15=$B$38,0.75,IF(O15=$B$39,0.5,IF(O15=$B$40,0,"")))) -> 1
A16: DA200740 | B16: 44039 | C16: PO201488 | D16: 44050 | E16: L60473 | F16: =IF(ISERR(VLOOKUP(Tableau1[[#This Row],[CODE F]],'CODE FOURNISSEUR'!A:B,2,0)),"",(VLOOKUP(Tableau1[[#This Row],[CODE F]],'CODE FOURNISSEUR'!A:B,2,0))) -> COMPTOIR HAMMAMI | G16: 812TTE043 | H16: =VLOOKUP(Tableau1[[#This Row],[Code articlre]],'F ARTICLE'!A:B,2,0) -> TE BARGATAIRE D50 | I16: 1 | J16: 44053 | K16: 44053 | L16: =K16-J16 -> 0 | M16: CONFORME | N16: CONFORME | O16: CONFORME | P16: =IF(ISERR(AVERAGE(U16:W16)),"",(AVERAGE(U16:W16))) -> 1 | U16: =IF(M16=$B$37,1,IF(M16=$B$38,0.75,IF(M16=$B$39,0.5,IF(M16=$B$40,0,"")))) -> 1 | V16: =IF(N16=$B$37,1,IF(N16=$B$38,0.75,IF(N16=$B$39,0.5,IF(N16=$B$40,0,"")))) -> 1 | W16: =IF(O16=$B$37,1,IF(O16=$B$38,0.75,IF(O16=$B$39,0.5,IF(O16=$B$40,0,"")))) -> 1
A17: DA200740 | B17: 44039 | C17: PO201488 | D17: 44050 | E17: L60473 | F17: =IF(ISERR(VLOOKUP(Tableau1[[#This Row],[CODE F]],'CODE FOURNISSEUR'!A:B,2,0)),"",(VLOOKUP(Tableau1[[#This Row],[CODE F]],'CODE FOURNISSEUR'!A:B,2,0))) -> COMPTOIR HAMMAMI | G17: 812VAN739 | H17: =VLOOKUP(Tableau1[[#This Row],[Code articlre]],'F ARTICLE'!A:B,2,0) -> Vanne PVC PR D50 | I17: 2 | J17: 44053 | K17: 44053 | L17: =K17-J17 -> 0 | M17: CONFORME | N17: CONFORME | O17: CONFORME | P17: =IF(ISERR(AVERAGE(U17:W17)),"",(AVERAGE(U17:W17))) -> 1 | U17: =IF(M17=$B$37,1,IF(M17=$B$38,0.75,IF(M17=$B$39,0.5,IF(M17=$B$40,0,"")))) -> 1 | V17: =IF(N17=$B$37,1,IF(N17=$B$38,0.75,IF(N17=$B$39,0.5,IF(N17=$B$40,0,"")))) -> 1 | W17: =IF(O17=$B$37,1,IF(O17=$B$38,0.75,IF(O17=$B$39,0.5,IF(O17=$B$40,0,"")))) -> 1
A18: DA200740 | B18: 44039 | C18: PO201488 | D18: 44050 | E18: L60473 | F18: =IF(ISERR(VLOOKUP(Tableau1[[#This Row],[CODE F]],'CODE FOURNISSEUR'!A:B,2,0)),"",(VLOOKUP(Tableau1[[#This Row],[CODE F]],'CODE FOURNISSEUR'!A:B,2,0))) -> COMPTOIR HAMMAMI | G18: 812COD691 | H18: =VLOOKUP(Tableau1[[#This Row],[Code articlre]],'F ARTICLE'!A:B,2,0) -> Coude bargataire D50 | I18: 2 | J18: 44053 | K18: 44053 | L18: =K18-J18 -> 0 | M18: CONFORME | N18: CONFORME | O18: CONFORME | P18: =IF(ISERR(AVERAGE(U18:W18)),"",(AVERAGE(U18:W18))) -> 1 | U18: =IF(M18=$B$37,1,IF(M18=$B$38,0.75,IF(M18=$B$39,0.5,IF(M18=$B$40,0,"")))) -> 1 | V18: =IF(N18=$B$37,1,IF(N18=$B$38,0.75,IF(N18=$B$39,0.5,IF(N18=$B$40,0,"")))) -> 1 | W18: =IF(O18=$B$37,1,IF(O18=$B$38,0.75,IF(O18=$B$39,0.5,IF(O18=$B$40,0,"")))) -> 1
A19: DA200740 | B19: 44039 | C19: PO201488 | D19: 44050 | E19: L60473 | F19: =IF(ISERR(VLOOKUP(Tableau1[[#This Row],[CODE F]],'CODE FOURNISSEUR'!A:B,2,0)),"",(VLOOKUP(Tableau1[[#This Row],[CODE F]],'CODE FOURNISSEUR'!A:B,2,0))) -> COMPTOIR HAMMAMI | G19: 812RAC065 | H19: =VLOOKUP(Tableau1[[#This Row],[Code articlre]],'F ARTICLE'!A:B,2,0) -> raccord bargataire D50 | I19: 4 | J19: 44053 | K19: 44053 | L19: =K19-J19 -> 0 | M19: CONFORME | N19: CONFORME | O19: CONFORME | P19: =IF(ISERR(AVERAGE(U19:W19)),"",(AVERAGE(U19:W19))) -> 1 | U19: =IF(M19=$B$37,1,IF(M19=$B$38,0.75,IF(M19=$B$39,0.5,IF(M19=$B$40,0,"")))) -> 1 | V19: =IF(N19=$B$37,1,IF(N19=$B$38,0.75,IF(N19=$B$39,0.5,IF(N19=$B$40,0,"")))) -> 1 | W19: =IF(O19=$B$37,1,IF(O19=$B$38,0.75,IF(O19=$B$39,0.5,IF(O19=$B$40,0,"")))) -> 1
A20: DA200289 | B20: 43901 | C20: PO201488 | D20: 44050 | E20: L60473 | F20: =IF(ISERR(VLOOKUP(Tableau1[[#This Row],[CODE F]],'CODE FOURNISSEUR'!A:B,2,0)),"",(VLOOKUP(Tableau1[[#This Row],[CODE F]],'CODE FOURNISSEUR'!A:B,2,0))) -> COMPTOIR HAMMAMI | G20: 820XMC498 | H20: =VLOOKUP(Tableau1[[#This Row],[Code articlre]],'F ARTICLE'!A:B,2,0) -> tige fileté (acier) M16 | I20: 5 | J20: 44053 | K20: 44053 | L20: =K20-J20 -> 0 | M20: CONFORME | N20: CONFORME | O20: CONFORME | P20: =IF(ISERR(AVERAGE(U20:W20)),"",(AVERAGE(U20:W20))) -> 1 | U20: =IF(M20=$B$37,1,IF(M20=$B$38,0.75,IF(M20=$B$39,0.5,IF(M20=$B$40,0,"")))) -> 1 | V20: =IF(N20=$B$37,1,IF(N20=$B$38,0.75,IF(N20=$B$39,0.5,IF(N20=$B$40,0,"")))) -> 1 | W20: =IF(O20=$B$37,1,IF(O20=$B$38,0.75,IF(O20=$B$39,0.5,IF(O20=$B$40,0,"")))) -> 1
A21: DA200525 | B21: 43979 | C21: PO201485 | D21: 44050 | E21: L60006 | F21: =IF(ISERR(VLOOKUP(Tableau1[[#This Row],[CODE F]],'CODE FOURNISSEUR'!A:B,2,0)),"",(VLOOKUP(Tableau1[[#This Row],[CODE F]],'CODE FOURNISSEUR'!A:B,2,0))) -> EQUIPEMENT MODERNE | G21: 812VER009 | H21: =VLOOKUP(Tableau1[[#This Row],[Code articlre]],'F ARTICLE'!A:B,2,0) -> VERIN D25 COURSE 125 | I21: 2 | J21: 44095 | L21: =K21-J21 -> -44095 | P21: =IF(ISERR(AVERAGE(U21:W21)),"",(AVERAGE(U21:W21))) | U21: =IF(M21=$B$37,1,IF(M21=$B$38,0.75,IF(M21=$B$39,0.5,IF(M21=$B$40,0,"")))) | V21: =IF(N21=$B$37,1,IF(N21=$B$38,0.75,IF(N21=$B$39,0.5,IF(N21=$B$40,0,"")))) | W21: =IF(O21=$B$37,1,IF(O21=$B$38,0.75,IF(O21=$B$39,0.5,IF(O21=$B$40,0,""))))
F22: =IF(ISERR(VLOOKUP(Tableau1[[#This Row],[CODE F]],'CODE FOURNISSEUR'!A:B,2,0)),"",(VLOOKUP(Tableau1[[#This Row],[CODE F]],'CODE FOURNISSEUR'!A:B,2,0))) -> #N/A | H22: =VLOOKUP(Tableau1[[#This Row],[Code articlre]],'F ARTICLE'!A:B,2,0) -> #N/A | L22: =K22-J22 -> 0 | P22: =IF(ISERR(AVERAGE(U22:W22)),"",(AVERAGE(U22:W22))) | U22: =IF(M22=$B$37,1,IF(M22=$B$38,0.75,IF(M22=$B$39,0.5,IF(M22=$B$40,0,"")))) | V22: =IF(N22=$B$37,1,IF(N22=$B$38,0.75,IF(N22=$B$39,0.5,IF(N22=$B$40,0,"")))) | W22: =IF(O22=$B$37,1,IF(O22=$B$38,0.75,IF(O22=$B$39,0.5,IF(O22=$B$40,0,""))))
F23: =IF(ISERR(VLOOKUP(Tableau1[[#This Row],[CODE F]],'CODE FOURNISSEUR'!A:B,2,0)),"",(VLOOKUP(Tableau1[[#This Row],[CODE F]],'CODE FOURNISSEUR'!A:B,2,0))) -> #N/A | H23: =VLOOKUP(Tableau1[[#This Row],[Code articlre]],'F ARTICLE'!A:B,2,0) -> #N/A | L23: =K23-J23 -> 0 | P23: =IF(ISERR(AVERAGE(U23:W23)),"",(AVERAGE(U23:W23))) | U23: =IF(M23=$B$37,1,IF(M23=$B$38,0.75,IF(M23=$B$39,0.5,IF(M23=$B$40,0,"")))) | V23: =IF(N23=$B$37,1,IF(N23=$B$38,0.75,IF(N23=$B$39,0.5,IF(N23=$B$40,0,"")))) | W23: =IF(O23=$B$37,1,IF(O23=$B$38,0.75,IF(O23=$B$39,0.5,IF(O23=$B$40,0,""))))
F24: =IF(ISERR(VLOOKUP(Tableau1[[#This Row],[CODE F]],'CODE FOURNISSEUR'!A:B,2,0)),"",(VLOOKUP(Tableau1[[#This Row],[CODE F]],'CODE FOURNISSEUR'!A:B,2,0))) -> #N/A | H24: =VLOOKUP(Tableau1[[#This Row],[Code articlre]],'F ARTICLE'!A:B,2,0) -> #N/A | L24: =K24-J24 -> 0 | P24: =IF(ISERR(AVERAGE(U24:W24)),"",(AVERAGE(U24:W24))) | U24: =IF(M24=$B$37,1,IF(M24=$B$38,0.75,IF(M24=$B$39,0.5,IF(M24=$B$40,0,"")))) | V24: =IF(N24=$B$37,1,IF(N24=$B$38,0.75,IF(N24=$B$39,0.5,IF(N24=$B$40,0,"")))) | W24: =IF(O24=$B$37,1,IF(O24=$B$38,0.75,IF(O24=$B$39,0.5,IF(O24=$B$40,0,""))))
F25: =IF(ISERR(VLOOKUP(Tableau1[[#This Row],[CODE F]],'CODE FOURNISSEUR'!A:B,2,0)),"",(VLOOKUP(Tableau1[[#This Row],[CODE F]],'CODE FOURNISSEUR'!A:B,2,0))) -> #N/A | H25: =VLOOKUP(Tableau1[[#This Row],[Code articlre]],'F ARTICLE'!A:B,2,0) -> #N/A | L25: =K25-J25 -> 0 | P25: =IF(ISERR(AVERAGE(U25:W25)),"",(AVERAGE(U25:W25))) | U25: =IF(M25=$B$37,1,IF(M25=$B$38,0.75,IF(M25=$B$39,0.5,IF(M25=$B$40,0,"")))) | V25: =IF(N25=$B$37,1,IF(N25=$B$38,0.75,IF(N25=$B$39,0.5,IF(N25=$B$40,0,"")))) | W25: =IF(O25=$B$37,1,IF(O25=$B$38,0.75,IF(O25=$B$39,0.5,IF(O25=$B$40,0,""))))
F26: =IF(ISERR(VLOOKUP(Tableau1[[#This Row],[CODE F]],'CODE FOURNISSEUR'!A:B,2,0)),"",(VLOOKUP(Tableau1[[#This Row],[CODE F]],'CODE FOURNISSEUR'!A:B,2,0))) -> #N/A | H26: =VLOOKUP(Tableau1[[#This Row],[Code articlre]],'F ARTICLE'!A:B,2,0) -> #N/A | L26: =K26-J26 -> 0 | P26: =IF(ISERR(AVERAGE(U26:W26)),"",(AVERAGE(U26:W26))) | U26: =IF(M26=$B$37,1,IF(M26=$B$38,0.75,IF(M26=$B$39,0.5,IF(M26=$B$40,0,"")))) | V26: =IF(N26=$B$37,1,IF(N26=$B$38,0.75,IF(N26=$B$39,0.5,IF(N26=$B$40,0,"")))) | W26: =IF(O26=$B$37,1,IF(O26=$B$38,0.75,IF(O26=$B$39,0.5,IF(O26=$B$40,0,""))))
F27: =IF(ISERR(VLOOKUP(Tableau1[[#This Row],[CODE F]],'CODE FOURNISSEUR'!A:B,2,0)),"",(VLOOKUP(Tableau1[[#This Row],[CODE F]],'CODE FOURNISSEUR'!A:B,2,0))) -> #N/A | H27: =VLOOKUP(Tableau1[[#This Row],[Code articlre]],'F ARTICLE'!A:B,2,0) -> #N/A | L27: =K27-J27 -> 0 | P27: =IF(ISERR(AVERAGE(U27:W27)),"",(AVERAGE(U27:W27))) | U27: =IF(M27=$B$37,1,IF(M27=$B$38,0.75,IF(M27=$B$39,0.5,IF(M27=$B$40,0,"")))) | V27: =IF(N27=$B$37,1,IF(N27=$B$38,0.75,IF(N27=$B$39,0.5,IF(N27=$B$40,0,"")))) | W27: =IF(O27=$B$37,1,IF(O27=$B$38,0.75,IF(O27=$B$39,0.5,IF(O27=$B$40,0,""))))
F28: =IF(ISERR(VLOOKUP(Tableau1[[#This Row],[CODE F]],'CODE FOURNISSEUR'!A:B,2,0)),"",(VLOOKUP(Tableau1[[#This Row],[CODE F]],'CODE FOURNISSEUR'!A:B,2,0))) -> #N/A | H28: =VLOOKUP(Tableau1[[#This Row],[Code articlre]],'F ARTICLE'!A:B,2,0) -> #N/A | L28: =K28-J28 -> 0 | P28: =IF(ISERR(AVERAGE(U28:W28)),"",(AVERAGE(U28:W28))) | U28: =IF(M28=$B$37,1,IF(M28=$B$38,0.75,IF(M28=$B$39,0.5,IF(M28=$B$40,0,"")))) | V28: =IF(N28=$B$37,1,IF(N28=$B$38,0.75,IF(N28=$B$39,0.5,IF(N28=$B$40,0,"")))) | W28: =IF(O28=$B$37,1,IF(O28=$B$38,0.75,IF(O28=$B$39,0.5,IF(O28=$B$40,0,""))))
F29: =IF(ISERR(VLOOKUP(Tableau1[[#This Row],[CODE F]],'CODE FOURNISSEUR'!A:B,2,0)),"",(VLOOKUP(Tableau1[[#This Row],[CODE F]],'CODE FOURNISSEUR'!A:B,2,0))) -> #N/A | H29: =VLOOKUP(Tableau1[[#This Row],[Code articlre]],'F ARTICLE'!A:B,2,0) -> #N/A | L29: =K29-J29 -> 0 | P29: =IF(ISERR(AVERAGE(U29:W29)),"",(AVERAGE(U29:W29))) | U29: =IF(M29=$B$37,1,IF(M29=$B$38,0.75,IF(M29=$B$39,0.5,IF(M29=$B$40,0,"")))) | V29: =IF(N29=$B$37,1,IF(N29=$B$38,0.75,IF(N29=$B$39,0.5,IF(N29=$B$40,0,"")))) | W29: =IF(O29=$B$37,1,IF(O29=$B$38,0.75,IF(O29=$B$39,0.5,IF(O29=$B$40,0,""))))
F30: =IF(ISERR(VLOOKUP(Tableau1[[#This Row],[CODE F]],'CODE FOURNISSEUR'!A:B,2,0)),"",(VLOOKUP(Tableau1[[#This Row],[CODE F]],'CODE FOURNISSEUR'!A:B,2,0))) -> #N/A | H30: =VLOOKUP(Tableau1[[#This Row],[Code articlre]],'F ARTICLE'!A:B,2,0) -> #N/A | L30: =K30-J30 -> 0 | P30: =IF(ISERR(AVERAGE(U30:W30)),"",(AVERAGE(U30:W30))) | U30: =IF(M30=$B$37,1,IF(M30=$B$38,0.75,IF(M30=$B$39,0.5,IF(M30=$B$40,0,"")))) | V30: =IF(N30=$B$37,1,IF(N30=$B$38,0.75,IF(N30=$B$39,0.5,IF(N30=$B$40,0,"")))) | W30: =IF(O30=$B$37,1,IF(O30=$B$38,0.75,IF(O30=$B$39,0.5,IF(O30=$B$40,0,""))))
U31: =IF(M31=$B$37,1,IF(M31=$B$38,0.75,IF(M31=$B$39,0.5,IF(M31=$B$40,0,"")))) | V31: =IF(N31=$B$37,1,IF(N31=$B$38,0.75,IF(N31=$B$39,0.5,IF(N31=$B$40,0,"")))) | W31: =IF(O31=$B$37,1,IF(O31=$B$38,0.75,IF(O31=$B$39,0.5,IF(O31=$B$40,0,""))))
U32: =IF(M32=$B$37,1,IF(M32=$B$38,0.75,IF(M32=$B$39,0.5,IF(M32=$B$40,0,"")))) | V32: =IF(N32=$B$37,1,IF(N32=$B$38,0.75,IF(N32=$B$39,0.5,IF(N32=$B$40,0,"")))) | W32: =IF(O32=$B$37,1,IF(O32=$B$38,0.75,IF(O32=$B$39,0.5,IF(O32=$B$40,0,""))))
U33: =IF(M33=$B$37,1,IF(M33=$B$38,0.75,IF(M33=$B$39,0.5,IF(M33=$B$40,0,"")))) | V33: =IF(N33=$B$37,1,IF(N33=$B$38,0.75,IF(N33=$B$39,0.5,IF(N33=$B$40,0,"")))) | W33: =IF(O33=$B$37,1,IF(O33=$B$38,0.75,IF(O33=$B$39,0.5,IF(O33=$B$40,0,""))))
U34: =IF(M34=$B$37,1,IF(M34=$B$38,0.75,IF(M34=$B$39,0.5,IF(M34=$B$40,0,"")))) | V34: =IF(N34=$B$37,1,IF(N34=$B$38,0.75,IF(N34=$B$39,0.5,IF(N34=$B$40,0,"")))) | W34: =IF(O34=$B$37,1,IF(O34=$B$38,0.75,IF(O34=$B$39,0.5,IF(O34=$B$40,0,""))))
U35: =IF(M35=$B$37,1,IF(M35=$B$38,0.75,IF(M35=$B$39,0.5,IF(M35=$B$40,0,"")))) | V35: =IF(N35=$B$37,1,IF(N35=$B$38,0.75,IF(N35=$B$39,0.5,IF(N35=$B$40,0,"")))) | W35: =IF(O35=$B$37,1,IF(O35=$B$38,0.75,IF(O35=$B$39,0.5,IF(O35=$B$40,0,""))))
U36: =IF(M36=$B$37,1,IF(M36=$B$38,0.75,IF(M36=$B$39,0.5,IF(M36=$B$40,0,"")))) | V36: =IF(N36=$B$37,1,IF(N36=$B$38,0.75,IF(N36=$B$39,0.5,IF(N36=$B$40,0,"")))) | W36: =IF(O36=$B$37,1,IF(O36=$B$38,0.75,IF(O36=$B$39,0.5,IF(O36=$B$40,0,""))))
B37: CONFORME | U37: =IF(M37=$B$37,1,IF(M37=$B$38,0.75,IF(M37=$B$39,0.5,IF(M37=$B$40,0,"")))) | V37: =IF(N37=$B$37,1,IF(N37=$B$38,0.75,IF(N37=$B$39,0.5,IF(N37=$B$40,0,"")))) | W37: =IF(O37=$B$37,1,IF(O37=$B$38,0.75,IF(O37=$B$39,0.5,IF(O37=$B$40,0,""))))
B38: ACCEPTABLE | U38: =IF(M38=$B$37,1,IF(M38=$B$38,0.75,IF(M38=$B$39,0.5,IF(M38=$B$40,0,"")))) | V38: =IF(N38=$B$37,1,IF(N38=$B$38,0.75,IF(N38=$B$39,0.5,IF(N38=$B$40,0,"")))) | W38: =IF(O38=$B$37,1,IF(O38=$B$38,0.75,IF(O38=$B$39,0.5,IF(O38=$B$40,0,""))))
B39: PARTIELLEMENT CONFORME | U39: =IF(M39=$B$37,1,IF(M39=$B$38,0.75,IF(M39=$B$39,0.5,IF(M39=$B$40,0,"")))) | V39: =IF(N39=$B$37,1,IF(N39=$B$38,0.75,IF(N39=$B$39,0.5,IF(N39=$B$40,0,"")))) | W39: =IF(O39=$B$37,1,IF(O39=$B$38,0.75,IF(O39=$B$39,0.5,IF(O39=$B$40,0,""))))
B40: NON CONFORME | U40: =IF(M40=$B$37,1,IF(M40=$B$38,0.75,IF(M40=$B$39,0.5,IF(M40=$B$40,0,"")))) | V40: =IF(N40=$B$37,1,IF(N40=$B$38,0.75,IF(N40=$B$39,0.5,IF(N40=$B$40,0,"")))) | W40: =IF(O40=$B$37,1,IF(O40=$B$38,0.75,IF(O40=$B$39,0.5,IF(O40=$B$40,0,""))))
B41: NA | U41: =IF(M41=$B$37,1,IF(M41=$B$38,0.75,IF(M41=$B$39,0.5,IF(M41=$B$40,0,"")))) | V41: =IF(N41=$B$37,1,IF(N41=$B$38,0.75,IF(N41=$B$39,0.5,IF(N41=$B$40,0,"")))) | W41: =IF(O41=$B$37,1,IF(O41=$B$38,0.75,IF(O41=$B$39,0.5,IF(O41=$B$40,0,""))))
U42: =IF(M42=$B$37,1,IF(M42=$B$38,0.75,IF(M42=$B$39,0.5,IF(M42=$B$40,0,"")))) | V42: =IF(N42=$B$37,1,IF(N42=$B$38,0.75,IF(N42=$B$39,0.5,IF(N42=$B$40,0,"")))) | W42: =IF(O42=$B$37,1,IF(O42=$B$38,0.75,IF(O42=$B$39,0.5,IF(O42=$B$40,0,""))))
U43: =IF(M43=$B$37,1,IF(M43=$B$38,0.75,IF(M43=$B$39,0.5,IF(M43=$B$40,0,"")))) | V43: =IF(N43=$B$37,1,IF(N43=$B$38,0.75,IF(N43=$B$39,0.5,IF(N43=$B$40,0,"")))) | W43: =IF(O43=$B$37,1,IF(O43=$B$38,0.75,IF(O43=$B$39,0.5,IF(O43=$B$40,0,""))))
U44: =IF(M44=$B$37,1,IF(M44=$B$38,0.75,IF(M44=$B$39,0.5,IF(M44=$B$40,0,"")))) | V44: =IF(N44=$B$37,1,IF(N44=$B$38,0.75,IF(N44=$B$39,0.5,IF(N44=$B$40,0,"")))) | W44: =IF(O44=$B$37,1,IF(O44=$B$38,0.75,IF(O44=$B$39,0.5,IF(O44=$B$40,0,""))))
U45: =IF(M45=$B$37,1,IF(M45=$B$38,0.75,IF(M45=$B$39,0.5,IF(M45=$B$40,0,"")))) | V45: =IF(N45=$B$37,1,IF(N45=$B$38,0.75,IF(N45=$B$39,0.5,IF(N45=$B$40,0,"")))) | W45: =IF(O45=$B$37,1,IF(O45=$B$38,0.75,IF(O45=$B$39,0.5,IF(O45=$B$40,0,""))))
U46: =IF(M46=$B$37,1,IF(M46=$B$38,0.75,IF(M46=$B$39,0.5,IF(M46=$B$40,0,"")))) | V46: =IF(N46=$B$37,1,IF(N46=$B$38,0.75,IF(N46=$B$39,0.5,IF(N46=$B$40,0,"")))) | W46: =IF(O46=$B$37,1,IF(O46=$B$38,0.75,IF(O46=$B$39,0.5,IF(O46=$B$40,0,""))))
U47: =IF(M47=$B$37,1,IF(M47=$B$38,0.75,IF(M47=$B$39,0.5,IF(M47=$B$40,0,"")))) | V47: =IF(N47=$B$37,1,IF(N47=$B$38,0.75,IF(N47=$B$39,0.5,IF(N47=$B$40,0,"")))) | W47: =IF(O47=$B$37,1,IF(O47=$B$38,0.75,IF(O47=$B$39,0.5,IF(O47=$B$40,0,""))))
U48: =IF(M48=$B$37,1,IF(M48=$B$38,0.75,IF(M48=$B$39,0.5,IF(M48=$B$40,0,"")))) | V48: =IF(N48=$B$37,1,IF(N48=$B$38,0.75,IF(N48=$B$39,0.5,IF(N48=$B$40,0,"")))) | W48: =IF(O48=$B$37,1,IF(O48=$B$38,0.75,IF(O48=$B$39,0.5,IF(O48=$B$40,0,""))))
U49: =IF(M49=$B$37,1,IF(M49=$B$38,0.75,IF(M49=$B$39,0.5,IF(M49=$B$40,0,"")))) | V49: =IF(N49=$B$37,1,IF(N49=$B$38,0.75,IF(N49=$B$39,0.5,IF(N49=$B$40,0,"")))) | W49: =IF(O49=$B$37,1,IF(O49=$B$38,0.75,IF(O49=$B$39,0.5,IF(O49=$B$40,0,""))))
U50: =IF(M50=$B$37,1,IF(M50=$B$38,0.75,IF(M50=$B$39,0.5,IF(M50=$B$40,0,"")))) | V50: =IF(N50=$B$37,1,IF(N50=$B$38,0.75,IF(N50=$B$39,0.5,IF(N50=$B$40,0,"")))) | W50: =IF(O50=$B$37,1,IF(O50=$B$38,0.75,IF(O50=$B$39,0.5,IF(O50=$B$40,0,""))))
U51: =IF(M51=$B$37,1,IF(M51=$B$38,0.75,IF(M51=$B$39,0.5,IF(M51=$B$40,0,"")))) | V51: =IF(N51=$B$37,1,IF(N51=$B$38,0.75,IF(N51=$B$39,0.5,IF(N51=$B$40,0,"")))) | W51: =IF(O51=$B$37,1,IF(O51=$B$38,0.75,IF(O51=$B$39,0.5,IF(O51=$B$40,0,""))))
U52: =IF(M52=$B$37,1,IF(M52=$B$38,0.75,IF(M52=$B$39,0.5,IF(M52=$B$40,0,"")))) | V52: =IF(N52=$B$37,1,IF(N52=$B$38,0.75,IF(N52=$B$39,0.5,IF(N52=$B$40,0,"")))) | W52: =IF(O52=$B$37,1,IF(O52=$B$38,0.75,IF(O52=$B$39,0.5,IF(O52=$B$40,0,""))))
U53: =IF(M53=$B$37,1,IF(M53=$B$38,0.75,IF(M53=$B$39,0.5,IF(M53=$B$40,0,"")))) | V53: =IF(N53=$B$37,1,IF(N53=$B$38,0.75,IF(N53=$B$39,0.5,IF(N53=$B$40,0,"")))) | W53: =IF(O53=$B$37,1,IF(O53=$B$38,0.75,IF(O53=$B$39,0.5,IF(O53=$B$40,0,""))))
... U262: =IF(M262=$B$37,1,IF(M262=$B$38,0.75,IF(M262=$B$39,0.5,IF(M262=$B$40,0,"")))) | V262: =IF(N262=$B$37,1,IF(N262=$B$38,0.75,IF(N262=$B$39,0.5,IF(N262=$B$40,0,"")))) | W262: =IF(O262=$B$37,1,IF(O262=$B$38,0.75,IF(O262=$B$39,0.5,IF(O262=$B$40,0,""))))

Sheet F ARTICLE
A1: pt_part | B1: Colonne1 | C1: Désignation 1 | D1: Désignation 2 | E1: UN
A2: 10L5H155358 | B2: BATTERIE FINIE L5D NOIR 9/8 EXP EUROPE | C2: BATTERIE FINIE L5D NOIR | D2: 9/8 EXP EUROPE | E2: UN
A3: 10M10255165 | B3: BATTERIE FINIE M10 STARTER BEN GHAZI | C3: BATTERIE FINIE M10 | D3: STARTER BEN GHAZI | E3: UN
A4: 20M111332 | B4: BAT SF FORMEE CGE | C4: BAT SF FORMEE CGE | E4: UN
A5: 21L3H2553 | B5: BAT SF PL3 OP/OP 7/6 | C5: BAT SF PL3 OP/OP 7/6 | E5: UN
A6: 21M122332 | B6: BAT NF SF M12 GR/GR 6/7 | C6: BAT NF SF M12 GR/GR 6/7 | E6: UN
A7: 00H2O1L | B7: BOUTEILLE PLASTIC 1L H2O | C7: BOUTEILLE PLASTIC 1L H2O | E7: UN
A8: 00H2OC6 | B8: CARTON DE 6 BOUT. 1L H2O | C8: CARTON DE 6 BOUT. 1L H2O | E8: UN
A9: 00H2OV | B9: EAU DEMIN. EN VRAC | C9: EAU DEMIN. EN VRAC | E9: L
A10: 00OXYDE | B10: OXYDE | C10: OXYDE | E10: KG
A11: 00OXYDE1 | B11: OXYDE STA NOUR | C11: OXYDE STA NOUR | E11: KG
A12: 00OXYDENR | B12: OXYDE STA NOUR | C12: OXYDE STA NOUR | E12: KG
A13: 106N11 | B13: BATTERIE FINIE NATO | C13: BATTERIE FINIE NATO | E13: UN
A14: 10D23 | B14: BATTERIE FINIE D23 | C14: BATTERIE FINIE D23 | E14: UN
A15: 10D23255120 | B15: BATT FINIE D23 POWER IRA | C15: BATT FINIE D23 POWER IRA | E15: UN
... A19: 10D26 | B19: BAT NF D26G OP/NR | C19: BAT NF D26G OP/NR | E19: UN
A20: 10D26255158 | B20: BAT NF D26 EXPORT LITALIE | C20: BAT NF D26 EXPORT | D20: LITALIE | E20: UN
A21: 10D26255255 | B21: BAT NF D26 EXPORT LYBIE | C21: BAT NF D26 EXPORT LYBIE | E21: UN
A22: 10D26D | B22: BATTERIE FINIE D26 | C22: BATTERIE FINIE D26 | E22: UN
A23: 10D31 | B23: BATTERIE FINIE D31 | C23: BATTERIE FINIE D31 | E23: UN
A24: 10D31155255 | B24: BATTERIE FINIE D31 EXP LYBIE | C24: BATTERIE FINIE D31 EXP | D24: LYBIE | E24: UN
A25: 10D31D | B25: BAT NF D31 D OP/NR 8/7 | C25: BAT NF D31 D OP/NR 8/7 | E25: UN
A26: 10E2B100141 | B26: BATTEIRE FINIE E2B POWER | C26: BATTEIRE FINIE E2B POWER | E26: UN
A27: 10E2B100152 | B27: BATT. FINIE E2B CHAMPION | C27: BATT. FINIE E2B CHAMPION | E27: UN
A28: 10E2B100165 | B28: BATTERIE FINIE E2B START | C28: BATTERIE FINIE E2B START | E28: UN
A29: 10E2B100166 | B29: BATTERIE FINIE E2B JUMBO | C29: BATTERIE FINIE E2B JUMBO | E29: UN
A30: 10E2B111241 | B30: BATT FINIE E2B POWER 3/4 | C30: BATT FINIE E2B POWER 3/4 | E30: UN
A31: 10E2B111265 | B31: BATT FINIE E2B STARTER 3/4 | C31: BATT FINIE E2B STARTER | D31: 3/4 | E31: UN
A32: 10E2B114151 | B32: BATT FINIE E2B POWER LIBYE | C32: BATT FINIE E2B POWER | D32: LIBYE | E32: UN
A33: 10E2B114155 | B33: BATT FINIE E2B STARTER | C33: BATT FINIE E2B STARTER | E33: UN
A34: 10E2B133165 | B34: BATTERIE FINIE E2B STARTER LYBIE | C34: BATTERIE FINIE E2B STARTER | D34: LYBIE | E34: UN
A35: 10HD10 | B35: BATT. M10 HD | C35: BATT. M10 HD | E35: UN
A36: 10HD11 | B36: BATT. M11 HD | C36: BATT. M11 HD | E36: UN
A37: 10HD2 | B37: BATT. L2 HD | C37: BATT. L2 HD | E37: UN
A38: 10HD3 | B38: BATT. L3 HD | C38: BATT. L3 HD | E38: UN
A39: 10L1B114141 | B39: BATT L1B POWER LIBYE2 | C39: BATT L1B POWER LIBYE2 | E39: UN
A40: 10L1B114145 | B40: BATT L1B STARTER MAROC2 | C40: BATT L1B STARTER MAROC2 | E40: UN
A41: 10L1B114165 | B41: BATT L1B STARTER MAROC2 | C41: BATT L1B STARTER MAROC2 | E41: UN
A42: 10L1B133121 | B42: BATT L1B POWER EXPORT SCIT | C42: BATT L1B POWER EXPORT | D42: SCIT | E42: UN
A43: 10L1B133124 | B43: BATT L1B POWER ALGERIE | C43: BATT L1B POWER ALGERIE | E43: UN
A44: 10L1B133141 | B44: BATT L1B POWER LIBYE | C44: BATT L1B POWER LIBYE | E44: UN
A45: 10L1B133142 | B45: BATT PL1B CHAMPION AFRIQ | C45: BATT PL1B CHAMPION AFRIQ | E45: UN
A46: 10L1B133165 | B46: BATT L1B STARTER LYBIE | C46: BATT L1B STARTER LYBIE | E46: UN
A47: 10L1B1331657 | B47: BATT L1B STARTER BEN GHAZI | C47: BATT L1B STARTER BEN | D47: GHAZI | E47: UN
A48: 10L1B133166 | B48: BATT L1B JUMBO LYBIE | C48: BATT L1B JUMBO LYBIE | E48: UN
A49: 10L1B133412 | B49: BATT PL1B CHAMPION AFRIQUE | C49: BATT PL1B CHAMPION AFRIQUE | E49: UN
A50: 10L1B133615 | B50: BATT FINIE PL1B | C50: BATT FINIE PL1B | E50: UN
A51: 10L1B155124 | B51: BATT L1B NR/NR POWER ALGERIE | C51: BATT L1B NR/NR | D51: POWER ALGERIE | E51: UN
A52: 10L1B155141 | B52: BATT L1B NR/NR POWER BEN GHAZI | C52: BATT L1B NR/NR POWER BEN | D52: GHAZI | E52: UN
A53: 10L1B155158 | B53: BATT L1B NR/NR EXPORT | C53: BATT L1B NR/NR EXPORT | E53: UN
A54: 10L1B155165 | B54: BATT L1B NR/NR STARTER BEN GHAZI | C54: BATT L1B NR/NR STARTER | D54: BEN GHAZI | E54: UN
A55: 10L1B155458 | B55: BATTERIE FINIE L1D SMART EXP EUROPE | C55: BATTERIE FINIE L1D | D55: SMART EXP EUROPE | E55: UN
A56: 10L1B155758 | B56: BATTERIE FINIE L1BD NOIR EXP EUROPE | C56: BATTERIE FINIE L1BD | D56: NOIR EXP EUROPE | E56: UN
A57: 10L1B233166 | B57: BATT L1B STARTER LYBIE GR/GR | C57: BATT L1B STARTER LYBIE | D57: GR/GR | E57: UN
A58: 10L1B255166 | B58: BATT L1B STARTER LYBIE GR/GR | C58: BATT L1B STARTER LYBIE | D58: GR/GR | E58: UN
A59: 10L1H115358 | B59: BATTERIE FINIE L1D OP/NR EXP EUROPE | C59: BATTERIE FINIE L1D | D59: OP/NR EXP EUROPE | E59: UN
A60: 10L1H133124 | B60: BATT L1H GR/GR 4/3 POWER ALGERIE | C60: BATT L1H GR/GR 4/3 POWER | D60: ALGERIE | E60: UN
A61: 10L1H133141 | B61: BATT L1H GR/GRPOWER LYBIE | C61: BATT L1H GR/GRPOWER | D61: LYBIE | E61: UN
A62: 10L1H133165 | B62: BATT L1H GR/GR STARTER ALGERIE | C62: BATT L1H GR/GR STARTER | D62: ALGERIE | E62: UN
A63: 10L1H152121 | B63: BATT L1B POWER LIBYE2 | C63: BATT L1B POWER LIBYE2 | E63: UN
A64: 10L1H155145 | B64: BATT L1H NR/NR 4/3 POWER BEN GHAZI | C64: BATT L1H NR/NR 4/3 | D64: POWER BEN GHAZI | E64: UN
A65: 10L1H155158 | B65: BATTERIE FINIE L1D 4/3 NOIR EXP EUROPE | C65: BATTERIE FINIE L1D 4/3 | D65: NOIR EXP EUROPE | E65: UN
A66: 10L1H155165 | B66: BATT L1H NR/NR 4/3 STARTER BEN GHAZI | C66: BATT L1H NR/NR 4/3 | D66: STARTER BEN GHAZI | E66: UN
A67: 10L1H155258 | B67: BATTERIE FINIE L1D NOIR EXP EUROPE | C67: BATTERIE FINIE L1D | D67: NOIR EXP EUROPE | E67: UN
A68: 10L1H155358 | B68: BATTERIE FINIE L1H NOIR 5/4 EXP EUROPE | C68: BATTERIE FINIE L1H NOIR | D68: 5/4 EXP EUROPE | E68: UN
A69: 10L1H155458 | B69: BATTERIE FINIE L1D EXP EUROPE | C69: BATTERIE FINIE L1D | D69: EXP EUROPE | E69: UN
A70: 10L1H155758 | B70: BATTERIE FINIE L1HD NOIR EXP EUROPE | C70: BATTERIE FINIE L1HD | D70: NOIR EXP EUROPE | E70: UN
A71: 10L1SE50 | B71: BATT ABSOLUT L1 | C71: BATT ABSOLUT L1 | E71: UN
A72: 10L2 H114241 | B72: BATT L2 POWER | C72: BATT L2 POWER | E72: UN
A73: 10L2 H114245 | B73: BATT L2 STARTER | C73: BATT L2 STARTER | E73: UN
A74: 10L2 H211241 | B74: BATT L2 POWER | C74: BATT L2 POWER | E74: UN
A75: 10L2 H211245 | B75: BATT L2 STARTER | C75: BATT L2 STARTER | E75: UN
A76: 10L2B155158 | B76: BATT L2B 5/4 NR/NR EXP EUROPE | C76: BATT L2B 5/4 NR/NR | D76: EXP EUROPE | E76: UN
A77: 10L2B155258 | B77: BATT L2B 5/5 NR/NR EXP EUROPE | C77: BATT L2B 5/5 NR/NR | D77: EXP EUROPE | E77: UN
A78: 10L2B155458 | B78: BATTERIE FINIE L2D SMART EXP EUROPE | C78: BATTERIE FINIE L2D | D78: SMART EXP EUROPE | E78: UN
A79: 10L2B155758 | B79: BATTERIE FINIE L2BD NOIR EXP EUROPE | C79: BATTERIE FINIE L2BD | D79: NOIR EXP EUROPE | E79: UN
A80: 10L2H114141 | B80: BATT L2 POWER LIBYE | C80: BATT L2 POWER LIBYE | E80: UN
A81: 10L2H114145 | B81: BATT L2 STARTER EXPORT | C81: BATT L2 STARTER EXPORT | E81: UN
A82: 10L2H114165 | B82: BATT L2 STARTER EXPORT | C82: BATT L2 STARTER EXPORT | E82: UN
A83: 10L2H114245 | B83: BATT L2 STARTER | C83: BATT L2 STARTER | E83: UN
A84: 10L2H133121 | B84: BATT L2 POWER SCIT | C84: BATT L2 POWER SCIT | E84: UN
A85: 10L2H133122 | B85: BATT L2 CHAMPION AFRIQUE | C85: BATT L2 CHAMPION AFRIQUE | E85: UN
A86: 10L2H133124 | B86: BATT FINIE PL2 ALGERIE 62AH | C86: BATT FINIE PL2 ALGERIE | D86: 62AH | E86: UN
A87: 10L2H133141 | B87: BATT L2 POWER LYBIE | C87: BATT L2 POWER LYBIE | E87: UN
A88: 10L2H133152 | B88: BATT L2G CHAMPION LYBIE | C88: BATT L2G CHAMPION LYBIE | E88: UN
A89: 10L2H133165 | B89: BATT L2 STARTER LYBIE | C89: BATT L2 STARTER LYBIE | E89: UN
A90: 10L2H1331657 | B90: BATT L2 STARTER BEN GHAZI | C90: BATT L2 STARTER BEN | D90: GHAZI | E90: UN
A91: 10L2H133166 | B91: BATT L2 JUMBO LYBIE | C91: BATT L2 JUMBO LYBIE | E91: UN
A92: 10L2H152121 | B92: BATT L2 POWER LYBIE | C92: BATT L2 POWER LYBIE | E92: UN
A93: 10l2h155124 | B93: BATT L2 NR/NR EXP | C93: BATT L2 NR/NR EXP | E93: UN
A94: 10L2H155141 | B94: BATT L2 NR/NR POWER EXP | C94: BATT L2 NR/NR POWER EXP | E94: UN
A95: 10L2H155165 | B95: BATT L2 NR/NR STARTER | C95: BATT L2 NR/NR STARTER | E95: UN
A96: 10L2H155258 | B96: BATTERIE FINIE L2D 5/5 EXP EUROPE | C96: BATTERIE FINIE L2D 5/5 | D96: EXP EUROPE | E96: UN
A97: 10L2H155358 | B97: BATTERIE FINIE L2D 6/5 EXP EUROPE | C97: BATTERIE FINIE L2D 6/5 EXP EUROPE | E97: UN
A98: 10L2H155458 | B98: BATTERIE FINIE L2D EXP EUROPE | C98: BATTERIE FINIE L2D | D98: EXP EUROPE | E98: UN
A99: 10L2H155558 | B99: BATTERIE FINIE L2 S D EXP EUROPE | C99: BATTERIE FINIE L2 S D | D99: EXP EUROPE | E99: UN
A100: 10L2H155658 | B100: BATTERIE FINIE L2D SMART EXP EUROPE | C100: BATTERIE FINIE L2D | D100: SMART EXP EUROPE | E100: UN
A101: 10L2H155758 | B101: BATTERIE FINIE L2HD NOIR EXP EUROPE | C101: BATTERIE FINIE L2HD | D101: NOIR EXP EUROPE | E101: UN
A102: 10L2H211131 | B102: BATT L2 POWER LYBIE | C102: BATT L2 POWER LYBIE | E102: UN
A103: 10L2H211141 | B103: BATT L2 POWER LYBIE | C103: BATT L2 POWER LYBIE | E103: UN
...

Sheet CODE FOURNISSEUR
A1: Code Four | B1: Nom | C1: Adresse | D1: ses fournisseurs | E1: Etat | F1: Postal | G1: Téléphone
A2: E10008 | B2: I.C.S | C2: VIA BERGAMO | D2: BERGAMO | F2: 24040 | G2: 0039029094881
A3: L50207 | B3: Sté Ezzahra Hotel | C3: 2034 Ezzahra | G3: 71 45 07 88
A4: L10141 | B4: ***
A5: L30045 | B5: **************************** | C5: **************************** | G5: 71 49 04 36
A6: L60188 | B6: ............................ | C6: ..........................
A7: L50518 | B7: 26/26
A8: L60538 | B8: 2MTI
A9: L60129 | B9: 2RE | C9: 223 CITE BASSATINE | D9: SIDI FAT7ALLA | E9: TN | F9: 5000 | G9: 71 388356
A10: L60130 | B10: 2RE
A11: L30173 | B11: 3 I | C11: BERGES DU LAC | D11: TUNIS | G11: 71 961-859
A12: L50147 | B12: 3 M SIAB COMUNICATION
A13: L60034 | B13: 3 R TUNISIE | C13: RADES
A14: L60395 | B14: 3IA | C14: APP.D16.COMPLEXE DORRA | D14: SOUSSE | E14: TN | G14: 73234984
A15: L10011 | B15: 4 MK/L'AUTOCOLLANT SARL. | C15: 26-28 RUE 8609 Z.I. CHARGUIA | D15: TUNIS | G15: 71 78 57 37
A16: E10001 | B16: A C C U M A | C16: Via Provinciale, 2 | D16: (BERGAMO) | F16: 24050 | G16: +39 0363 940245
A17: L20001 | B17: A G I L
A18: L50349 | B18: A.C.M.A | C18: Espace Tunis-Monpaisir 1073 | D18: Tunis | G18: 71 95 25 10
A19: L60197 | B19: A.M.M. Applica Méca Maghrébi | C19: Bardo Center,Bloc 10 | G19: 71 58 36 26
A20: L50066 | B20: A.PAVE | C20: 21,RUE EL JAHEDH
A21: L50323 | B21: A.S.T.C | C21: 19 is,Avenue Habib Bourguiba | G21: 71 29 77 08
A22: E10022 | B22: A.T.I | C22: Via Kennedy,5 | D22: MONTORSO(VI) | E22: IT | F22: 36050 | G22: ++390444475555
A23: L50353 | B23: A.T.M.S | C23: 39,RUE DES JARDINS 2033 | D23: MEGRINE | E23: TN | G23: 71 426 658
A24: L50099 | B24: AACC | C24: 5 RUE IBN ROCHD TUNIS
A25: E60011 | B25: AAF | C25: Rue William Dian-B.P.3 | G25: 02 32 53 60 60
A26: L30379 | B26: ABC | D26: MENZL HAYET | G26: 29910236
A27: L50217 | B27: ABDELALI Sleh | C27: GP1 - BEN Arous
A28: L60303 | B28: ABDELBASSET ABDALLAH | C28: HAMMAM ZRIBA ZAGHOUAN | D28: TUNIS | G28: 72677708
A29: L80081 | B29: ABDELBEKI B.SAID BELHAJ | C29: RUE OBEID ALLAH EL MAHDI | G29: 96 32 82 36
A30: L50670 | B30: ABDELKADER BEN SAAD | D30: TUNIS
A31: L60081 | B31: Abdelkader OUled Ahmed | C31: 9,Av, de France | G31: 71 38 62 86
A32: L60109 | B32: Abdelkader Ouled Ahmed | C32: 9,Av De France | G32: 71 38 62 86
A33: L50391 | B33: ABDELKARIM OULED MOHAMED | C33: 14 Rue kilani metoui | G33: 76 20 08 90
A34: L50205 | B34: Abdelwahed El Hammami | C34: El Mourouj
A35: L50302 | B35: Abdelwahed Mohamed Ali | C35: Rue El Kods 7016 El Alia | G35: 72 44 25 52
A36: L50333 | B36: ABDELWAHID EL HAMMAMI | C36: EL MOUROUJ | G36: 98 26 53 19
A37: L30152 | B37: Abdennadher.design | C37: 12 bis Avenue Tlili Menzah V | G37: 71 21 60 20
A38: L10072 | B38: ABDERAHIM ABDERAHMEN | C38: Ksebit El Médouni | G38: 97 08 59 87
A39: L10066 | B39: Abderahmen Ben Boubaker | C39: ennadhour Zaghwen
A40: L30127 | B40: Abderrahman EL BAHRI | C40: Av Abderrahman El Bahri | G40: 71 21 64 34
A41: L50687 | B41: ABDERRAHMEN BOUHRIRA | C41: TOURNAGE MECANIQUE | G41: 97249690
A42: L50679 | B42: ABDESLLEM BEN MOHAMED NECER | D42: ZRIBA
A43: L50341 | B43: ABDESSATAR JIED | C43: 55,Av. de Carthage- Tunis | G43: 71 25 53 60
A44: L50935 | B44: ABDKARIM BOUDHAOUIA | C44: CITE BASTINE ZAGHOUAN | F44: 1100
A45: L60368 | B45: ABIDMED | C45: 57 RUE IBN KHALDOUN | D45: TUNIS | E45: TN | F45: 1001 | G45: 71334401
A46: L50908 | B46: ABM TUNISIE | C46: 1 bis RUE DU PAPIER | D46: BEN AROUS | F46: 2014 | G46: 71 296 376
A47: L50347 | B47: ABOU NAWAS TUNIS | C47: Avenue Med V | G47: 71 35 03 55
A48: L80059 | B48: ABS SAMSUNG | C48: 1/ Menzel Bourguiba | G48: 72 47 08 55
A49: E10019 | B49: ACB BELGIUM BVBA | C49: POLDER 3 B-2840 | D49: TERHAGEN | E49: BEL | F49: B-2840 | G49: ++03/8888085
A50: L60476 | B50: ACCESSOIRE AUTO | C50: RUE DE FRANCE BEN AROUS | D50: BEN AROUS
A51: E10036 | B51: ACCUMALUX | C51: R.C.Luxembourg:13789 | G51: 352367062
A52: E60001 | B52: ACCURATE PRODUCTS | C52: DENMARK
A53: L60508 | B53: ACEM NEGOCE | C53: Av de carthage | D53: sfax | F53: 3027 | G53: 74403242
A54: L60272 | B54: ACHRAF CHERIF | C54: 43 ANGLE ALI DARGHOUTH | G54: 71 34 72 07
A55: L50343 | B55: ACMA | C55: 57,bis rue om kalthoum | G55: 71 34 17 24
A56: L50007 | B56: ACMC | C56: BORDO
A57: L10201 | B57: ACTD | C57: Appt 52 Zarrouk Center | D57: TUNIS | F57: 1001 | G57: 71336215
A58: L60514 | B58: AD TUNISIE | C58: ROUTE Z4 Jebal Jloud | D58: tunis | F58: 1009 | G58: 70603133
A59: L20055 | B59: ADAT
A60: L60199 | B60: ADECOM INTLE | C60: 1 Rue 10133 Cité Ettadhamen | G60: 98 90 68 26
A61: L10159 | B61: Adel ben othmen ben ali | C61: Cité lycée zriba | F61: 1152
A62: L30448 | B62: ADEL EL SIFI | D62: TUNIS | G62: 94603430
A63: L60142 | B63: Adel Gharbi "RENAULT" | C63: 13,Rue Ibn El Jazar | G63: 71 77 83 23
A64: L60073 | B64: Adelkader Ouled Ahmed | C64: 9,AV de France | E64: TN | G64: 71 38 62 86
A65: L60454 | B65: ADEM | C65: AV MARTYRS IMM. BASMA | D65: SFAX | F65: 3000 | G65: 74403688
A66: l30327 | B66: ADI | C66: CHOTRANA SOKRA | G66: 70106200
A67: L60337 | B67: ADI | C67: Z.I Chotrana - Soukra | D67: ARIANA | F67: 2036 | G67: 70 106 200
A68: L50384 | B68: ADNEN SMADEH | C68: 56 Avenue de Liberté | G68: 71 28 96 49
A69: L30457 | B69: ADVICE ENERGY MODERN | C69: 20 RUE D'ITALI | D69: TUNIS | F69: 1001 | G69: 71240922
A70: L60294 | B70: AE.DISTRIBUTION | C70: 92 RUE 18 JANVIER | D70: TUNIS | F70: 1952 | G70: 71 33 86 33
A71: L10001 | B71: AFRIBOIS | C71: 87,AV.TAIEB MHIRI
A72: L50325 | B72: AFRIC Consult | C72: Résidence Alain Savary-BlocB | G72: 71 77 36 63
A73: L20047 | B73: AFRICA INDUSTRIE | C73: Rue de la Fonte Z-I- | G73: 71 38 45 10
A74: L10042 | B74: AFRICA INFO SERVICE | C74: LES BERGERS DU LAC | D74: TUNIS
A75: L30067 | B75: Africa System S.A. | C75: 1002 Tunis BELVEDERE | G75: 71 78 38 88
A76: L50324 | B76: AFRIFOR | C76: 1,Rue Sidi Bou Yahya | G76: 79 45 90 49
A77: L30144 | B77: Afrik Numéric | C77: 18,rue des Métiers,Lot 37B | G77: 71 9 4 22 83
A78: L50111 | B78: AFRIKIA INF° DIFFUSION | C78: LES BERGES DU LAC TUNIS | D78: tunis | G78: 70 69 88 80
A79: L50252 | B79: AFRIMAR | C79: PO.BOX:255 1125 | G79: 71 44 85 33
A80: L50174 | B80: AFRIQUE ETUDE | C80: Immeuble Mouradi - Esc D | E80: TN | G80: 71 50 92 86
A81: L20002 | B81: AFRIQUE INDUSTRIE | C81: RUE DE LA FONTE
A82: L30149 | B82: Afrique travaux | C82: Rue 8610-La Charguia I | G82: 71 79 74 33
A83: L50108 | B83: AGCE MEGRINE PUBLICITE | C83: 66 AV DE PARIS MEGRINE | D83: TUNIS
A84: L50179 | B84: AGENCE AFRICAINE CONSIGN. ET | C84: DE COMMERCE [ A A C C ] | D84: TUNIS | G84: 71 752-110
A85: L50821 | B85: AGENCE LA MEDITERRANEE | C85: KEFI KHALIL | D85: BOUMHEL | G85: 71261878
A86: L50182 | B86: AGENCE MARITIME MOHAB | C86: 88 RUE YOUGOSLAVIE | D86: TUNIS | G86: 71 449-519
A87: L50266 | B87: Agence Moncef Saîdane | C87: 26,R.K Barbarousse | G87: 71 34 43 41
A88: L50842 | B88: AGEPRO TUNISIE | C88: 58 Av. Habib Bourguiba | G88: 79 100 900
A89: E10043 | B89: AGIC Industrie s.a. | C89: Gerard Willemotlaan 68 | G89: 32 9 216 64 74
A90: E10040 | B90: AHMED ALAA ENTABI | C90: HALEB SYRIE | D90: SYRIE | G90: 9632122224661
A91: L10098 | B91: Ahmed Badi3 | C91: Fahs
A92: L50399 | B92: AHMED KECHIM | C92: MORNEG | G92: 98 422 519
A93: L50351 | B93: AIR ALGERIE | C93: 26, AVENUE DE PARIS | G93: 71 34 18 88
A94: L50376 | B94: AIR FRANCE | C94: 1, Rue dAthènes.BP 1349 | G94: 71 10 53 00
A95: L20009 | B95: AIR LIQUIDE TUNISIE | C95: 19,RUE DE TURQUIE | G95: 98 201 626
A96: L50812 | B96: AIRTECH | C96: RESIDENCE ZAHRET | D96: AIN ZAGHOUEN | F96: 2045 | G96: 70723718
A97: L20070 | B97: AK DISTRIBUTION | G97: 71353001
A98: E10032 | B98: AKÜMSAN | C98: Atatürk Caddesi | D98: Istanbul-Turkey | G98: 0090212624444
A99: L60352 | B99: AL OULA SERVICES GENERAL
A100: L50768 | B100: AL WASSILA PUB | C100: CHOUCHET RADES | D100: BEN AROUS | G100: 71295062
...
